 Dungeon Crawl Stone Soup version 0.20-a0-1026-gc3ddcbd (webtiles) character file.

135 sugabear the Insei (level 4, -2/35 HPs)
             Began as a Draconian Transmuter on Apr 20, 2017.
             Slain by a gnoll
             ... wielding a +0 spear
              (7 damage)
             ... on level 2 of the Dungeon.
             The game lasted 00:03:29 (1834 turns).

sugabear the Insei (Draconian Transmuter)           Turns: 1834, Time: 00:03:30

Health: -2/35      AC:  2    Str: 12    XL:     4   Next: 96%
Magic:  2/7        EV: 20    Int: 14    God:
Gold:   81         SH:  0    Dex: 17    Spells: 4/8 levels left

rFire    . . .     SeeInvis .     - Unarmed
rCold    . . .     Gourm    .   (shield currently unavailable)
rNeg     . . .     Faith    .   (armour unavailable)
rPois    x         Spirit   .   (helmet currently unavailable)
rElec    .         Reflect  .   (cloak currently unavailable)
rCorr    .         Harm     +   (gloves currently unavailable)
MR       .....                  (boots currently unavailable)
Stlth    ++........             i - amulet of harm
Regen    0.2/turn               (no ring)
MPRegen  0.1/turn               (no ring)

@: spider-form
A: unfitting armour, blink, deterioration 1, AC +5
a: End Transformation, Blink


You were on level 2 of the Dungeon.
You were not hungry.
You were a venomous arachnid creature.
You visited 1 branch of the dungeon, and saw 2 of its levels.

You collected 81 gold pieces.

Inventory:

Hand Weapons
 g - a +0 dagger of venom
Missiles
 a - 29 arrows
Jewellery
 i - an amulet of harm (around neck)
Scrolls
 e - a scroll of identify {unknown}
 f - a scroll of remove curse {unknown}
 j - a scroll of blinking {unknown}
 n - a scroll of teleportation {unknown}
 p - a scroll of random uselessness {unknown}
Potions
 l - a potion of degeneration {unknown}
 o - a potion of flight {unknown}
 q - a potion of lignification {unknown}
Books
 b - a book of Changes

   Spells                             Type                      Level
   a - Beastly Appendage              Transmutation                1
   b - Sticks to Snakes               Transmutation                2
   c - Spider Form                    Transmutation/Poison         3
   d - Ice Form                       Ice/Transmutation            4
   e - Blade Hands                    Transmutation                5
Comestibles
 c - 4 bread rations
 d - 2 meat rations
 h - a royal jelly
 k - a chunk of flesh
 m - 5 fruits


   Skills:
 + Level 1.4 Fighting
 + Level 2.5 Dodging
 + Level 1.1 Stealth
 + Level 3.9 Unarmed Combat
 + Level 2.6 Spellcasting
 + Level 2.7 Transmutations
 + Level 1.0 Poison Magic


You had 4 spell levels left.
You knew the following spells:

 Your Spells              Type           Power        Failure   Level  Hunger
a - Beastly Appendage     Tmut           #.....       21%         1    #......
b - Spider Form           Tmut/Pois      #.........   52%         3    ###....


Dungeon Overview and Level Annotations

Branches:
Dungeon (2/15)

Altars:


Innate Abilities, Weirdness & Mutations

((Your plain brown scales are hard. (AC +5)))
You cannot fit into any form of body armour.
((You are cold-blooded and may be slowed by cold attacks.))
((You have razor-sharp toenails.))
You can translocate small distances at will.
Your body sometimes deteriorates upon taking damage.


Message History

The gnoll closely misses you. The gnoll misses you.
You hit the gnoll.
You kill the gnoll!
You hit the gnoll.
The gnoll is poisoned.
The gnoll is heavily wounded.
Your transformation has ended.
The gnoll barely misses you.
You hit the gnoll.
The gnoll is heavily wounded.
The gnoll hits you with a spear.
You hit the gnoll but do no damage.
The gnoll is heavily wounded.
The gnoll hits you with a spear.
* * * LOW HITPOINT WARNING * * *
Unknown command.
Casting: Spider Form
Confirm with . or Enter, or press ? or * to list all spells.
You turn into a venomous arachnid creature.
The gnoll hits you with a spear.
You die...

#.........#..(#...<
############..#..>.
##.(.........
##............
#######.............
#....##.............
#....##.............
#...(##.............
#.)s.#..............
#.g.......<.........
#....####.....#.....
#.)..# ############
#....# ######


You could see a gnoll.

Vanquished Creatures
  2 gnolls (D:2)
  7 adders
  An ooze (D:2)
  A worm (D:2)
  A dart slug (D:1)
  A leopard gecko (D:2)
  A ball python (D:2)
  4 bats (D:1)
  5 giant cockroaches
  6 goblins
  5 hobgoblins (D:1)
  3 frilled lizards
  7 kobolds
  3 rats (D:2)
47 creatures vanquished.

Notes
Turn   | Place    | Note
-------+----------+-------------------------------------------
     0 | D:1      | sugabear the Draconian Transmuter began the quest for the Orb.
     0 | D:1      | Reached XP level 1. HP: 16/16 MP: 3/3
   168 | D:1      | Reached XP level 2. HP: 9/23 MP: 3/5
   550 | D:1      | Gained mutation: You are clumsy. (Dex -2) [potion of mutation]
   550 | D:1      | Gained mutation: Your muscles are strong. (Str +2) [potion of mutation]
   550 | D:1      | Gained mutation: You are robust. (+10% HP) [potion of mutation]
   550 | D:1      | Gained mutation: You have a pair of small horns on your head. [potion of mutation]
   803 | D:1      | Reached XP level 3. HP: 20/30 MP: 4/6
   823 | D:1      | Learned a level 3 spell: Spider Form
  1264 | D:2      | Lost mutation: You have a pair of small horns on your head. [potion of mutation]
  1264 | D:2      | Lost mutation: You are robust. (+10% HP) [potion of mutation]
  1264 | D:2      | Lost mutation: You are clumsy. (Dex -2) [potion of mutation]
  1264 | D:2      | Lost mutation: Your muscles are strong. (Str +2) [potion of mutation]
  1264 | D:2      | Gained mutation: You can translocate small distances at will. [potion of mutation]
  1264 | D:2      | Gained mutation: Your body sometimes deteriorates upon taking damage. [potion of mutation]
  1264 | D:2      | Gained mutation: You have sharp toenails. [potion of mutation]
  1264 | D:2      | Gained mutation: You have razor-sharp toenails. [potion of mutation]
  1309 | D:2      | Reached XP level 4. HP: 33/35 MP: 3/7
  1825 | D:2      | Reached skill level 1 in Stealth
  1825 | D:2      | Reached skill level 1 in Poison Magic
  1834 | D:2      | Slain by a gnoll

Vault maps used:
D:1:      scummos_arrival_simple_fountains, serial_forest,
          infiniplex_forest_clump_curved, infiniplex_forest_straight_2,
          infiniplex_forest_lined_3_way, infiniplex_forest_clump_diagonal,
          infiniplex_forest_clump_double, infiniplex_forest_end_1,
          infiniplex_forest_end_2

Skill      XL: |  1  2  3  4 |
---------------+-------------+-----
Dodging        | 2 |  2.5
Stealth        | 1 |  1.1
Poison Magic   | 1 |  1.0
Fighting       | |  1.4
Unarmed Combat | |  3.9
Spellcasting   | |  2.6
Transmutations | |  2.7

Action                   |  1- 3 |  4- 6 || total
-------------------------+-------+-------++-------
Melee: Unarmed           |   108 |    55 ||   163
       Tailslap          |     7 |     1 ||     8
       Kick              |     6 |     1 ||     7
       Headbutt          |     8 |       ||     8
       Punch             |     2 |       ||     2
 Cast: Beastly Appendage |    16 |       ||    16
       Spider Form       |     2 |    10 ||    12
  Use: Potion            |     4 |       ||     4
 Stab: Sleeping          |       |     2 ||     2
  Eat: Chunk             |     2 |     4 ||     6
Armor: Skin              |    37 |     5 ||    42
Dodge: Dodged            |   103 |    46 ||   149
